Map: Lost and Found LE

Players

GOStephano (Stephano)

  • Race: Zerg Zerg
  • Spawn Location: 7:00

soO - Winner!

  • Race: Zerg Zerg
  • League: Master
  • Spawn Location: 1:00

Event: HomeStory Cup XVIII

VOD

Have the link to the VOD?

Description

Time

  • Played on: Nov. 23, 2018, 9:19 a.m.
  • Length: 9:01

All games in this series

Show
View Real Time Build Order
Export as new Build Order

GOStephano Zerg 

Build Orders: Hatch First 

Get SALT Encoding   

  12  0:00  Drone  
  13  0:12  Overlord  
  13  0:17  Drone  
  14  0:31  Drone x2  
  16  0:47  Hatchery  
  15  0:51  Drone  
  15  0:55  Drone  
  17  0:57  Drone  
  18  1:08  Extractor  
  17  1:13  Spawning Pool  
  17  1:16  Drone  
  17  1:19  Drone  
  18  1:28  Drone  
  19  1:40  Drone  
  20  1:50  Drone  
  21  1:59  Queen x2  
  21  2:00  Drone  
  21  2:01  Overlord  
  26  2:10  Drone  
  26  2:11  Drone  
  26  2:12  Metabolic Boost  
  28  2:22  Drone, Zergling x2  
  30  2:31  Hatchery  
  29  2:37  Queen  
  29  2:43  Overlord  
  31  2:46  Drone  
  31  2:51  Baneling Nest  
  31  2:52  Drone  
  31  2:55  Drone  
  31  2:58  Drone  
  34  2:59  Zergling x2  
  34  3:04  Drone  
  37  3:05  Drone  
  37  3:08  Overlord  
  37  3:13  Overlord  
  37  3:27  Drone  
  37  3:32  Zergling x8  
  37  3:33  Drone  
  43  3:35  Baneling x2  
  43  3:39  Drone  
  44  3:42  Queen  
  44  3:44  Drone x2  
  47  4:07  Drone x2  
  48  4:11  Overlord  
  48  4:12  Zergling x6  
  48  4:14  Overlord  
  49  4:28  Extractor  
  49  4:29  Extractor  
  49  4:31  Evolution Chamber  
  46  4:34  Drone  
  46  4:35  Drone x7  
  46  4:36  Drone x2  
  56  4:43  Lair  
  56  4:44  Roach Warren  
  55  4:53  Drone x6  
  55  4:56  Drone x2  
  55  4:57  Baneling x2  
  55  4:59  Drone x6  
  69  5:00  Extractor x2  
  67  5:11  Overlord  
  67  5:18  Drone x2  
  67  5:20  Drone x2  
  71  5:25  Drone  
  71  5:28  Drone x3  
  71  5:29  Drone x3  
  71  5:32  Zerg Missile Weapons Level 1  
  75  5:37  Drone x6  
  81  5:43  Overlord  
  81  5:44  Overlord  
  81  5:46  Extractor  
  80  5:53  Drone  
  81  5:59  Hatchery  
  81  6:04  Drone x4  
  84  6:10  Overlord x3  
  83  6:11  Roach  
  83  6:12  Pneumatized Carapace, Roach x6  
  83  6:13  Overseer  
  83  6:17  Glial Reconstitution  
  97  6:19  Evolution Chamber  
  96  6:32  Roach x5  
  106  6:41  Overlord  
  106  6:43  Roach x7  
  120  6:51  Zerg Ground Armor Level 1  
  120  6:52  Roach  
  120  6:53  Overlord  
  120  6:54  Overlord x2  
  122  7:00  Overlord  
  124  7:01  Roach x3  
  124  7:02  Ravager x2  
  124  7:07  Overlord  
  130  7:11  Roach x4  
  130  7:12  Roach  
  130  7:13  Roach  
  130  7:14  Ravager x2  
  144  7:18  Roach  
  144  7:20  Roach  
  144  7:21  Roach x4  
  156  7:26  Roach x4  
  162  7:32  Roach x2  
  162  7:36  Roach x5  
  154  7:42  Roach  
  144  7:46  Roach x2  
  144  7:51  Roach x6  
  158  7:56  Roach x2  
  158  8:03  Roach x2  
  145  8:07  Roach  
  145  8:08  Roach x3  
  145  8:11  Roach  
  155  8:18  Ravager x2  
  155  8:19  Ravager  
  158  8:20  Ravager  
  158  8:21  Overlord, Roach x2  
  158  8:22  Overlord  
  158  8:24  Roach x2  
  169  8:27  Roach  
  169  8:32  Roach  
  169  8:39  Roach x2  
Show
View Real Time Build Order
Export as new Build Order

soO Zerg - Winner!

Build Orders: Hatch First 

Get SALT Encoding   

  12  0:00  Drone  
  13  0:12  Overlord  
  13  0:16  Drone  
  14  0:30  Drone x2  
  14  0:34  Drone  
  17  0:50  Hatchery  
  17  0:53  Drone  
  18  0:57  Drone  
  18  1:07  Extractor  
  17  1:11  Spawning Pool  
  17  1:14  Drone  
  17  1:18  Drone  
  18  1:27  Drone  
  19  1:38  Overlord  
  19  1:50  Drone  
  20  1:58  Queen  
  20  2:00  Drone  
  23  2:02  Queen, Drone  
  23  2:06  Metabolic Boost  
  26  2:10  Zergling x2  
  26  2:13  Drone  
  28  2:22  Drone  
  29  2:28  Drone  
  30  2:33  Hatchery  
  29  2:38  Drone x2  
  31  2:47  Baneling Nest  
  31  2:50  Drone  
  31  2:52  Drone  
  31  2:53  Overlord  
  32  3:06  Drone x2  
  32  3:10  Queen  
  36  3:13  Zergling x6  
  36  3:14  Drone  
  36  3:15  Drone  
  36  3:18  Drone  
  42  3:28  Overlord  
  42  3:32  Baneling x2  
  42  3:33  Drone x2  
  44  3:41  Overlord  
  44  3:47  Drone x2  
  46  3:49  Drone x2  
  46  3:54  Evolution Chamber  
  47  3:59  Zergling x4  
  47  4:01  Drone x2  
  51  4:05  Drone x2  
  52  4:13  Drone x3  
  52  4:17  Zergling x2  
  56  4:19  Drone, Roach Warren  
  56  4:20  Zerg Missile Weapons Level 1  
  56  4:21  Baneling x2  
  55  4:25  Drone  
  55  4:26  Lair  
  55  4:29  Extractor, Drone x2  
  55  4:30  Extractor  
  56  4:35  Overlord  
  56  4:36  Drone x3  
  59  4:44  Drone x7  
  66  4:50  Overlord  
  65  4:59  Drone x3  
  68  5:00  Extractor  
  68  5:01  Extractor, Drone  
  68  5:03  Drone  
  68  5:04  Drone  
  68  5:06  Drone x3  
  72  5:09  Overlord  
  72  5:10  Drone x4  
  72  5:13  Roach  
  78  5:18  Roach  
  78  5:19  Overlord  
  78  5:20  Overlord  
  80  5:29  Overlord  
  80  5:30  Hatchery  
  80  5:32  Roach  
  80  5:34  Overlord  
  80  5:35  Overlord  
  81  5:38  Glial Reconstitution  
  81  5:40  Roach x4  
  81  5:42  Roach x2  
  92  5:44  Overlord  
  92  5:49  Roach x3  
  98  5:51  Extractor  
  98  5:56  Roach x3  
  103  6:08  Roach x2  
  103  6:09  Roach x4  
  103  6:10  Overlord  
  114  6:13  Zerg Missile Weapons Level 2  
  114  6:18  Overseer  
  114  6:20  Overseer  
  114  6:22  Drone x2  
  116  6:27  Roach x4  
  116  6:28  Roach x2  
  128  6:33  Ravager x3  
  128  6:36  Ravager  
  132  6:40  Overlord  
  132  6:46  Roach x6  
  144  6:49  Overlord  
  144  6:50  Baneling x3  
  144  6:52  Overlord  
  143  6:58  Overlord  
  143  7:00  Roach x4  
  151  7:06  Overlord  
  151  7:07  Queen  
  153  7:11  Roach x6  
  165  7:16  Roach x3  
  165  7:21  Roach  
  165  7:22  Roach  
  173  7:34  Roach  
  173  7:35  Roach  
  173  7:36  Roach x3  
  178  7:39  Roach  
  178  7:40  Roach x3  
  180  7:49  Roach x2  
  180  7:50  Roach x2  
  180  7:51  Roach  
  180  7:57  Roach x4  
  183  7:59  Overseer  
  183  8:01  Roach x4  
  183  8:03  Roach  
  173  8:14  Ravager x2  
  173  8:15  Ravager  
  173  8:16  Ravager, Drone  
  173  8:17  Drone  
  179  8:24  Roach x2  
  179  8:25  Overlord x2  
  183  8:32  Ravager, Overlord  
  184  8:39  Overlord  
  184  8:40  Roach  
Tags
 
Add a new tag
Caveats
  • Supply blocks, unpowered buildings, or Contaminate may cause inaccurate times.
  • Supply counts are checked every 10 seconds.